 Dungeon Crawl Stone Soup version 0.14-a0-2124-ga163777 (webtiles) character file.

187 MirrMurr the Sneak (level 4, -7/21 HPs)
             Began as a Spriggan Enchanter on Jan 27, 2014.
             Killed from afar by an orc wizard (14 damage)
             ... with a puff of frost
             ... on Level 3 of the Dungeon.
             The game lasted 00:05:13 (2630 turns).

MirrMurr the Sneak (Spriggan Enchanter)             Turns: 2630, Time: 00:05:13

HP  -7/21        AC  3     Str  5      XL: 4   Next: 29%
MP   7/12        EV 18     Int 16      God:
Gold 99          SH  0     Dex 16      Spells:  3 memorised,  2 levels left

rFire  . . .     SeeInvis +     a - +1,+3 dagger
rCold  . . .     Clarity  .     b - +1 robe
rNeg   . . .     Conserve .     (shield restricted)
rPois  .         rCorr    .     (helmet restricted)
rElec  .         rRot     .     (no cloak)
SustAb . .       Spirit   .     (gloves unavailable)
rMut   .         Warding  .     (boots unavailable)
Saprov . . .     Stasis   .     (no amulet)
MR     .....                    (no ring)
                                (no ring)

@: very quick, not resistant to hostile enchantments, very stealthy
A: unfitting armour, see invisible, herbivore 3, speed 3, slow metabolism 2
a: no special abilities


You were on level 3 of the Dungeon.
You were not hungry.

You visited 1 branch of the dungeon, and saw 3 of its levels.

You collected 99 gold pieces.

Inventory:

Hand weapons
 a - a +1,+3 dagger (weapon)
Missiles
 d - 12 darts (quivered)
Armour
 b - a +1 robe (worn)
 g - a +0 buckler
Comestibles
 f - a pear
 k - 3 bread rations
Scrolls
 i - a scroll of identify
 m - a scroll of random uselessness {unknown}
 o - a scroll of enchant weapon I {unknown}
 r - a scroll of immolation {unknown}
Potions
 e - a potion of porridge
 h - a potion of heal wounds
 j - 6 potions of curing
 l - a potion of brilliance {unknown}
 n - a potion of paralysis {unknown}
 p - a potion of speed
 q - a potion of might
 s - a potion of poison {unknown}
Books
 c - a book of Maledictions

   Spells                             Type                      Level
   *Corona                            Hexes                        1
   Sure Blade                         Hexes/Charms                 2
   *Ensorcelled Hibernation           Hexes/Ice                    2
   *Confuse                           Hexes                        3
   Enslavement                        Hexes                        4
   Invisibility                       Hexes                        6


   Skills:
 + Level 2.2 Short Blades
 - Level 1.1 Throwing
 - Level 3.0 Dodging
 + Level 6.5 Stealth
 - Level 2.6 Spellcasting
 - Level 3.6 Hexes


You had 2 spell levels left.
You knew the following spells:

 Your Spells              Type           Power        Failure   Level  Hunger
a - Ensorcelled Hibernat  Hex/Ice        #.....       17%         2    ##.....
b - Confuse               Hex            ##......     14%         3    ###....
Z - Corona                Hex            ##.....      6%          1    #......


Dungeon Overview and Level Annotations

Branches:
Dungeon (3/16)

Altars:


Innate Abilities, Weirdness & Mutations

You are tiny and cannot use many weapons and most armour.
You have supernaturally acute eyesight.
You are a herbivore.
You cover ground extremely quickly.
You need consume almost no food.


Message History

Confirm with . or Enter, or press ? or * to list all spells.
Aiming: Ensorcelled Hibernation
Press: ? - help, Shift-Dir - straight line, f - orc wizard
Aim: an orc wizard, wielding an orcish dagger and wearing an orcish robe (lightly wounded, moving very quickly)
The orc wizard resists.
The orc wizard barely misses you. The orc wizard casts a spell at you.
The puff of frost misses you.
You hit the orc wizard.
The orc wizard is heavily wounded.
The orc wizard looks braver.
Casting: Ensorcelled Hibernation
Confirm with . or Enter, or press ? or * to list all spells.
Aiming: Ensorcelled Hibernation
Press: ? - help, Shift-Dir - straight line, f/p - orc wizard
Aim: an orc wizard, wielding an orcish dagger and wearing an orcish robe (heavily wounded, moving very quickly)
The orc wizard resists.
The orc wizard points at you and mumbles some strange words.
The puff of frost hits you!
Ouch! That really hurt!
You die...

....# #.#.# ....#
#.#.# ....# #.#.#
....# #.#.# .#..#
#.#.# .#..# #.#o#
.#..# #.#o#
.#############.#o#
.........>.....#@#
...#############.#
......)..........#
.....#############
.....# #...%#
######### #....###
#%......# .......#
#.#####.######
######.#
#............#


You could see an orc wizard and 2 orcs.

Vanquished Creatures
  3 adders
  2 worms
  3 giant geckos
  An ooze (D:2)
  2 orcs (D:3)
  2 ball pythons
  2 giant cockroaches
  6 goblins
  2 hobgoblins
  2 jackals (D:1)
  3 kobolds
  10 bats
  2 giant newts (D:2)
  5 rats
45 creatures vanquished.

Notes
Turn   | Place    | Note
--------------------------------------------------------------
     0 | D:1      | MirrMurr, the Spriggan Enchanter, began the quest for the Orb.
     0 | D:1      | Reached XP level 1. HP: 9/9 MP: 4/4
   433 | D:1      | Reached skill level 4 in Stealth
   600 | D:1      | Reached XP level 2. HP: 10/13 MP: 7/7
   604 | D:1      | Learned a level 2 spell: Ensorcelled Hibernation
  1281 | D:2      | Reached skill level 5 in Stealth
  1329 | D:2      | Reached XP level 3. HP: 16/16 MP: 9/9
  1334 | D:2      | Learned a level 3 spell: Confuse
  1927 | D:2      | Reached skill level 6 in Stealth
  2209 | D:3      | Reached XP level 4. HP: 21/21 MP: 12/12
  2630 | D:3      | Killed from afar by an orc wizard

Action                   |  1- 3 |  4- 6 || total
-------------------------+-------+-------++-------
Melee: Dagger            |   120 |    31 ||   151
 Cast: Ensorcelled Hiber |     1 |     3 ||     4
  Use: Scroll            |     3 |       ||     3
       Potion            |     2 |       ||     2
 Stab: Sleeping          |    12 |     5 ||    17
